 Dungeon Crawl Stone Soup version 0.31-a0-479-g91c9547 (webtiles) character file.

Game seed: 12893525220818438628

4921 Dorkslayer the Protected (level 10, 0/65 HPs)
             Began as a Gargoyle Fighter on Aug 6, 2023.
             Was an Initiate of Gozag.
             Slain by a two-headed ogre
             ... wielding a +0 giant club
              (21 damage)
             ... on level 7 of the Dungeon.
             The game lasted 00:16:32 (5646 turns).

Dorkslayer the Protected (Gargoyle Fighter)         Turns: 5646, Time: 00:16:34

Health: 0/65       AC: 18    Str: 21      XL:     10   Next: 52%
Magic:  10/10      EV: 11    Int:  6 (8)  God:    Gozag
Gold:   904        SH:  7    Dex: 12 (13) Spells: 9/9 levels left

rFire   . . .        a - +2 war axe
rCold   . . .        c - +1 buckler
rNeg    + . .        v - +0 chain mail
rPois   ∞            (no helmet)
rElec   +            (no cloak)
rCorr   .            (no gloves)
SInv    .            (no boots)
Will    .....        (no amulet) Stlth
                     (no ring)
HPRegen 0.30/turn    (no ring)
MPRegen 0.12/turn

%: no passive effects
@: no status effects
A: sickness immunity, AC +7, negative energy resistance 1, electricity
resistance, torment resistance 1, petrification resistance, screaming 1,
MP-powered wands
a: Renounce Religion, Potion Petition, Call Merchant, Bribe Branch


You were on level 7 of the Dungeon.
You worshipped Gozag.
Gozag was pleased with you.
You visited 2 branches of the dungeon, and saw 8 of its levels.
You also visited: Sewer.

You collected 1058 gold pieces.
You paid 154 gold pieces to Gozag.

Inventory:

Hand Weapons
 a - a +2 war axe (weapon)
Missiles
 h - 2 curare-tipped darts (quivered)
Armour
 c - a +1 buckler (worn)
 v - a +0 chain mail (worn)
Jewellery
 u - an amulet of regeneration
Wands
 e - a wand of flame (23)
 q - a wand of roots (14)
Scrolls
 f - a scroll of immolation
 i - a scroll of poison
 o - 4 scrolls of teleportation
 s - a scroll of butterflies
Potions
 b - a potion of mutation
 d - 2 potions of might
 g - 4 potions of heal wounds
 j - 4 potions of enlightenment {unknown}
 k - a potion of resistance
 l - 3 potions of brilliance
 m - 5 potions of magic {unknown}
 n - 2 potions of lignification
 p - 3 potions of curing
 r - a potion of berserk rage
 t - a potion of haste {unknown}


   Skills:
 + Level 8.5 Fighting
 + Level 8.5 Axes
 + Level 8.7 Armour
 + Level 8.2 Dodging
 + Level 0.6 Stealth
 + Level 8.4 Shields
 * Level 2.4 Evocations


You had 9 spell levels left.
You didn't know any spells.
Your spell library contained the following spells:

 Spells                   Type           Power      Damage    Failure   Level
 Lesser Beckoning         Tloc           0%         N/A       99%         2
 Gell's Gravitas          Tloc           0%         N/A       100%        3
 Teleport Other           Tloc           0%         N/A       100%        3


Dungeon Overview and Level Annotations

Branches:
Dungeon (7/15)             Temple (1/1) D:4           Sewer (visited)

Altars:
Ashenzari
Cheibriados
Dithmenos
Elyvilon
Fedhas
Gozag
Hepliaklqana
Kikubaaqudgha
Makhleb
Nemelex Xobeh
Okawaru
Ru
Uskayaw
Wu Jian
Xom
The Shining One


Innate Abilities, Weirdness & Mutations

You are immune to sickness and miasma.
Your stone body is resilient. (AC +7)
You are immune to poison.
You resist negative energy. (rN+)
You are resistant to electric shocks. (rElec)
You are resistant to unholy torment.
You are immune to petrification.
You occasionally shout uncontrollably at your foes.
You expend magic power (3 MP) to strengthen your wands.


Message History

The wight hits you but does no damage.
You hit the killer bee.
The killer bee is almost dead.
The killer bee stings you! The killer bee misses you. The wight misses you.
You hit the two-headed ogre.
The two-headed ogre is lightly wounded.
The wight misses you.
You slash the two-headed ogre!
The two-headed ogre is moderately wounded.
The wight hits you but does no damage. The two-headed ogre barely misses you.
The two-headed ogre hits you with a +0 giant spiked club.
You slice the two-headed ogre!!
The two-headed ogre is heavily wounded.
You block the wight's attack. The two-headed ogre barely misses you.
The two-headed ogre hits you with a +0 giant spiked club!
You hit the two-headed ogre.
The two-headed ogre is heavily wounded.
You block the wight's attack.
You completely miss the two-headed ogre.
The two-headed ogre is heavily wounded.
The wight hits you but does no damage.
The two-headed ogre hits you but does no damage.
The two-headed ogre completely misses you.
The wight hits you but does no damage.
You slash the two-headed ogre!
The two-headed ogre is almost dead.
The two-headed ogre closely misses you.
The two-headed ogre hits you with a +0 giant spiked club!
The wight hits you but does no damage.
You barely miss the two-headed ogre.
The two-headed ogre is almost dead.
The wight closely misses you.
The two-headed ogre hits you but does no damage. x2
You hit the two-headed ogre.
The two-headed ogre is almost dead.
The wight hits you but does no damage.
The two-headed ogre hits you with a +0 giant club!!
The two-headed ogre hits you with a +0 giant spiked club!!
You die...
Your body crumbles into a pile of gold.

,* *,,,**,* ,* *,,,**,*
,* ******,## #* *,.# #
**.# # ##.# # #####..####
# *#.........#* #
**,,###@#**,,**
######****,,##..#Oy#*,,**
......,,,,,##..#.#z.#*,,*
.###.##*,,##..#####..#*,*
##.....#*,#..##*$*,#..#,*
#....#..###.##*,,,**#.#,*
..#..##..#.#.#,,⌠,,*,#..*
.##..###....##*,,,***,#.*
###.#[.......#**$***,,*,*


You could see a two-headed ogre, a killer bee and a wight.

Vanquished Creatures
  Pikel (D:5)
  Sigmund (D:5)
  A wyvern (D:4)
  Eustachio (D:5)
  A wraith (D:7)
  The ghost of finrodfelegund the Insei, an amateur DsSh (D:4)
  Edmund (D:6)
  A water moccasin (D:7)
  4 black bears
  An ogre (D:5)
  4 centaurs
  A phantom (D:6)
  4 kobold brigands
  A bullfrog (D:7)
  5 scorpions
  6 hounds
  3 orc priests (D:6)
  2 iguanas
  2 sleepcaps (D:5)
  4 orc wizards
  12 adders
  A river rat (Sewer)
  2 shadow imps (D:6)
  2 white imps
  4 worms
  3 dart slugs
  16 orcs
  4 endoplasms
  3 giant cockroaches
  6 goblins
  3 hobgoblins
  6 jackals
  14 kobolds
  A quokka (D:1)
  8 ball pythons
  2 bats (D:1)
  6 frilled lizards
  3 rats
141 creatures vanquished.

Notes
Turn   | Place    | Note
-------+----------+-------------------------------------------
     0 | D:1      | Dorkslayer the Gargoyle Fighter began the quest for the
                  | Orb.
     0 | D:1      | Reached XP level 1. HP: 14/14 MP: 1/1
    21 | D:1      | Reached XP level 2. HP: 18/19 MP: 2/2
   488 | D:1      | Reached XP level 3. HP: 23/23 MP: 3/3
   924 | D:2      | Found a sacrificial altar of Ru.
  1626 | D:3      | Reached skill level 1 in Dodging
  1729 | D:3      | Reached XP level 4. HP: 25/28 MP: 4/4
  2510 | D:4      | Found a runed translucent gate.
  2510 | D:4      | Found a runed translucent gate.
  2510 | D:4      | Found a runed translucent gate.
  2523 | D:4      | Found an opulent altar of Gozag.
  2524 | D:4      | Noticed a black bear
  2533 | D:4      | Killed a black bear
  2534 | D:4      | Reached XP level 5. HP: 15/33 MP: 5/5
  2536 | D:4      | Noticed finrodfelegund's ghost (amateur DsSh)
  2536 | D:4      | Noticed a wyvern
  2567 | D:4      | Found a glowing drain.
  2577 | Sewer    | Entered a sewer
  2608 | Sewer    | Noticed a kobold brigand
  2620 | Sewer    | Killed a kobold brigand
  2621 | Sewer    | Reached XP level 6. HP: 31/38 MP: 6/6
  2806 | Sewer    | Reached XP level 7. HP: 35/43 MP: 7/7
  2888 | Sewer    | Gained mutation: You occasionally shout uncontrollably at
                  | your foes. [potion of mutation]
  2888 | Sewer    | Gained mutation: You expend magic power (3 MP) to
                  | strengthen your wands. [potion of mutation]
  2944 | Sewer    | Reached XP level 8. HP: 53/53 MP: 8/8
  2945 | Sewer    | Reached XP level 9. HP: 59/59 MP: 9/9
  3124 | D:4      | Found a staircase to the Ecumenical Temple.
  3166 | Temple   | Entered the Ecumenical Temple
  3208 | Temple   | Became a worshipper of Gozag Ym Sagoz the Greedy
  3439 | D:4      | Found a glowing golden altar of the Shining One.
  3471 | D:4      | Found a shadowy altar of Dithmenos.
  3557 | D:4      | Killed finrodfelegund's ghost
  3616 | D:5      | Entered Level 5 of the Dungeon
  3918 | D:5      | Noticed Sigmund
  3928 | D:5      | Killed Sigmund
  3946 | D:5      | Noticed Eustachio
  3961 | D:5      | Killed Eustachio
  3962 | D:5      | Reached skill level 1 in Evocations
  3981 | D:5      | Noticed Pikel
  3999 | D:5      | Killed Pikel
  4045 | D:5      | Reached XP level 10. HP: 59/65 MP: 10/10
  4839 | D:6      | Noticed Edmund
  4849 | D:6      | Killed Edmund
  5635 | D:7      | Noticed a two-headed ogre
  5646 | D:7      | Slain by a two-headed ogre

Illustrated notes

Levels and vault maps discovered:
D:1:      wander_arrival_chamber, layout_basic
D:2:      layout_basic, basic_altar, nicolae_underground_beach
D:3:      layout_basic, chequers_arboretum
D:4:      layout_rooms, mainiacjoe_overflow_two_lobes, temple_fountains,
          portal_sewer_entry_d, ebering_ghost_gozag, minmay_cupped
D:5:      layout_loops_ring, kennysheep_cross_bottleneck, uniq_menkaure,
          uniq_sigmund, uniq_eustachio, uniq_pikel
D:6:      nicolae_whirlpool, layout_basic, uniq_edmund
D:7:      minmay_the_grid_octo_triangle [minmay_the_grid_octo_fat_diamond,
          minmay_the_grid_octo_prize_single_spiral,
          minmay_the_grid_octo_pinwheel], layout_gridville, grunt_ogre_cave
Temple:   nicolae_temple_superstar

Skill      XL: |  1  2  3  4  5  6  7  8  9 10 |
---------------+-------------------------------+-----
Axes           | 2 3 4 6 7 8 |  8.5
Dodging        | 1 2 6 8 |  8.2
Armour         | 4 7 8 |  8.7
Shields        | 4 7 8 |  8.4
Fighting       | 4 7 8 |  8.5
Evocations     | 1 2 |  2.4
Stealth        | |  0.6

Action                     |  1- 3 |  4- 6 |  7- 9 | 10-12 || total
---------------------------+-------+-------+-------+-------++-------
  Melee: War axe           |   119 |   119 |   114 |   158 ||   510
  Evoke: Wand              |       |       |       |     7 ||     7
    Use: Scroll            |    10 |     4 |     3 |     1 ||    18
         Potion            |       |       |    10 |     1 ||    11
   Stab: Distracted        |       |       |       |     2 ||     2
 Armour: Scale mail        |    84 |    63 |    28 |    97 ||   272
         Chain mail        |       |       |       |    12 ||    12
  Dodge: Dodged            |    87 |    55 |    56 |   108 ||   306
  Block: Buckler           |    44 |    29 |    30 |    59 ||   162

Table legend: (Time is in decaauts)
 A = Elapsed time spent in this place.
 B = Non-inter-level travel time spent in this place.
 C = Inter-level travel time spent in this place.
 D = Time resting spent in this place.
 E = Time spent auto-exploring this place.
 F = Levels seen in this place.
 G = Mean time per level.
                   A        B        C        D        E       F      G
               +--------+--------+--------+--------+--------+-----+--------+
         Total |   5902 |   5902 |      0 |     42 |   2070 |   9 |  655.8 |
       Dungeon |   5337 |   5337 |      0 |      0 |   2070 |   7 |  762.4 |
        Temple |     53 |     53 |      0 |      0 |      0 |   1 |   53.0 |
         Sewer |    511 |    511 |      0 |     42 |      0 |   1 |  511.0 |
               +--------+--------+--------+--------+--------+-----+--------+

Top non-repeatable levels by time:
     D:6: 1103 daAuts
     D:3: 976 daAuts
     D:2: 898 daAuts
     D:5: 741 daAuts
     D:1: 696 daAuts
     D:4: 676 daAuts
   Sewer: 511 daAuts
     D:7: 245 daAuts
  Temple: 53 daAuts
